 Dungeon Crawl Stone Soup version 0.31-a0-986-g5e6e4ef867 (webtiles) character file.

Game seed: 14076752158542648179

113 zenocrate the Chiller (level 4, 19/19 HPs)
             Began as a Felid Ice Elementalist on Nov 15, 2023.
             Quit the game on level 4 of the Dungeon.
             The game lasted 00:03:31 (2646 turns).

zenocrate the Chiller (Felid Ice Elementalist)      Turns: 2646, Time: 00:03:32

Health: 19/19      AC:  1    Str:  4    XL:     4   Next: 65%
Magic:  9/9        EV: 17    Int: 18    God:
Gold:   32         SH:  0    Dex: 16    Spells: 2/9 levels left
                                        Lives:  1   Deaths: 1

rFire   . . .        (weapon unavailable)
rCold   . . .        (shield unavailable)
rNeg    . . .        (body armour unavailable)
rPois   .            (helmet unavailable)
rElec   .            (cloak unavailable)
rCorr   .            (gloves unavailable)
SInv    +            (boots unavailable)
Will    .....        (no amulet)
Stlth   ++           (no ring)
HPRegen 0.23/turn    (no ring)
MPRegen 0.11/turn

%: no passive effects
@: weak-willed, quick
A: very small, claws 1, fangs 3, see invisible, speed 1, shaggy fur 1, stealthy
paws, no weapons or thrown items, no armour, multi-lived
a: no special abilities


You were on level 4 of the Dungeon.
You visited 1 branch of the dungeon, and saw 4 of its levels.

You collected 206 gold pieces.
You spent 174 gold pieces at shops.

Inventory:

Scrolls
 h - 2 scrolls of blinking
 j - 3 scrolls of teleportation
 n - a scroll of fear
Potions
 a - 2 potions of magic
 b - 2 potions of lignification
 d - a potion of heal wounds {unknown}
 e - a potion of haste {unknown}
 f - a potion of cancellation {unknown}
 l - a potion of attraction {unknown}


   Skills:
 + Level 1.5 Fighting
 - Level 2.6 Dodging
 - Level 2.6 Stealth
 + Level 3.2 Spellcasting
 + Level 4.5 Ice Magic


You had 2 spell levels left.
You knew the following spells:

 Your Spells              Type           Power      Damage    Failure   Level
a - Freeze                Ice            76%        1d8       2%          1
b - Frozen Ramparts       Ice            38%        1d6       8%          3
c - Ozocubu's Armour      Ice            19%        N/A       8%          3

Your spell library contained the following spells:

 Spells                   Type           Power      Damage    Failure   Level
 Sandblast                Erth           4%         2d4       16%         1
 Passwall                 Tmut/Erth      1%         N/A       24%         2
 Gell's Gravitas          Tloc           2%         N/A       43%         3
 Stone Arrow              Conj/Erth      4%         3d7       43%         3
 Summon Guardian Golem    Hex/Summ       2%         N/A       43%         3
 Teleport Other           Tloc           2%         N/A       43%         3
 Summon Ice Beast         Ice/Summ       11%        N/A       54%         4
 Brom's Barrelling Bould  Conj/Erth      2%         2d3       85%         4
 Dispersal                Tloc           1%         N/A       100%        6
 Orb of Destruction       Conj           1%         9d5       100%        7
 Spellforged Servitor     Conj/Summ      1%         N/A       100%        7


Dungeon Overview and Level Annotations

Branches:
Dungeon (4/15)
 Temple: D:4-7

Altars:

Shops:
D:4 ?

Annotations:
D:3 1 runed translucent door, hgbash's ghost, amateur GrEE


Innate Abilities, Weirdness & Mutations

You have sharp claws.
You have razor-sharp teeth.
You have supernaturally acute eyesight. (SInv)
You cover ground quickly. (Speed+)
You are covered in fur. (AC +1)
Your paws help you pounce on unaware monsters.
You are incapable of wielding weapons or throwing items.
You cannot wear armour.
You gain extra lives every three experience levels.


Message History

Confirm with . or Enter, or press ? or * to list all spells.
Casting: Frozen Ramparts (extremely dangerous; 8% risk of failure)
Press: ? - help, Dir - look around, f - activate The walls around you are covered in ice.
The wall freezes the sleepcap but does no damage.
The sleepcap releases spores at you.
You are engulfed in a cloud of soporific spores!
You fall asleep.
The wall freezes the sleepcap but does no damage.
The sleepcap barely misses you.
The wall freezes the sleepcap but does no damage.
The sleepcap releases spores at you!
Ouch! That really hurt!
You die...
You rejoin the land of the living...
Found a hand axe.
Unknown command.
Okay, then.
As you read the scroll labelled ONWEARHURO, it crumbles to dust.
It is a scroll of identify.
b - 2 potions of lignification
As you read the scroll labelled CEIDAFOZXO, it dissolves into smoke.
It was a scroll of fog.
Unknown command.
As you read the scroll labelled GYVUM GIURPH, it crumbles to dust.
You hear a loud clanging noise!
It was a scroll of noise.
You hear a bark! x2
As you read the scroll labelled JOQALUI MEIP, it crumbles to dust.
Magic quickly surges around you.
It was a scroll of vulnerability.
As you read the scroll labelled BEPRAB ZUFFUTINLA, it crumbles to dust.
It is a scroll of enchant armour.
You aren't carrying any armour which can be enchanted further.
Unknown command.
Are you sure you want to abandon this character and quit the game? (Confirm with "yes".)
Okay, then.
Unknown command.
Unknown command.
Unknown command.
Are you sure you want to abandon this character and quit the game? (Confirm with "yes".)

........#.##.# #.#.#
..... ##########.##.#
#.#.# ....
#≈≈≈..........# #.#.#
###. #≈∩≈######.####
#.#.# #≈≈...#....#
#.#.. #####.#.####
#.#.. #.#...# #.#
#.###.# ##### #.###.#
#@§§# #.....#.§§§§§.#
###########.#.##§§§##
...... ### #.).#
##### ###.. .## ###
..# #.# ..# #.# ..#
#.#


There were no monsters in sight!

Vanquished Creatures
  A sleepcap (D:4)
  An iguana (D:4)
  A worm (D:3)
  A dart slug (D:2)
  5 ball pythons
  4 bats
  5 endoplasms
  3 giant cockroaches
  7 hobgoblins
  2 jackals (D:3)
  2 quokkas
  3 frilled lizards
  10 goblins
  3 kobolds
  5 rats (D:1)
53 creatures vanquished.

Notes
Turn   | Place    | Note
-------+----------+-------------------------------------------
     0 | D:1      | zenocrate the Felid Ice Elementalist began the quest for
                  | the Orb.
     0 | D:1      | Reached XP level 1. HP: 7/7 MP: 4/4
   146 | D:1      | Reached XP level 2. HP: 4/11 MP: 3/6
   220 | D:1      | Found a faded altar of an unknown god.
   411 | D:1      | Reached skill level 4 in Ice Magic
   875 | D:2      | Reached XP level 3. HP: 14/14 MP: 6/8
  1002 | D:2      | Learned a level 3 spell: Frozen Ramparts
  1006 | D:2      | Learned a level 3 spell: Ozocubu's Armour
  1138 | D:2      | Identified the +5 dagger of Quantum Leap {venom, *Rage
                  | rElec Will+ rCorr}
  2022 | D:3      | Found a runed translucent door.
  2022 | D:3      | Noticed hgbash's ghost (amateur GrEE)
  2335 | D:4      | Reached skill level 1 in Fighting
  2335 | D:4      | Reached XP level 4. HP: 11/19 MP: 1/9
  2575 | D:4      | Found Docewu's Magic Scroll Emporium.
  2606 | D:4      | Bought a scroll of blinking for 90 gold pieces
  2606 | D:4      | Bought a scroll of teleportation for 36 gold pieces
  2606 | D:4      | Bought a scroll of fear for 48 gold pieces
  2640 | D:4      | Slain by a sleepcap
  2646 | D:4      | Quit the game

Illustrated notes

Levels and vault maps discovered:
D:1:      minmay_arrival_pointy, layout_basic,
          dreamdust_ecumenical_altar_statues
D:2:      layout_loops_ring
D:3:      layout_rooms, gammafunk_ghost_grave
D:4:      layout_basic, serial_shops, nicolae_shop_tiny_waterfront,
          kennysheep_pointless_box

Skill      XL: |  1  2  3 |
---------------+----------+-----
Ice Magic      | 4 |  4.5
Spellcasting   | 3 |  3.2
Fighting       | 1 |  1.5
Dodging        | |  2.6
Stealth        | |  2.6

Action                     |  1- 3 |  4- 6 || total
---------------------------+-------+-------++-------
  Melee: Unarmed           |    58 |     7 ||    65
         Bite              |     4 |       ||     4
   Cast: Freeze            |    53 |     3 ||    56
         Frozen Ramparts   |     1 |     2 ||     3
    Use: Scroll            |       |     5 ||     5
   Stab: Sleeping          |     8 |     2 ||    10
 Armour: Skin              |    37 |     4 ||    41
  Dodge: Dodged            |    77 |     6 ||    83

Table legend: (Time is in decaauts)
 A = Elapsed time spent in this place.
 B = Non-inter-level travel time spent in this place.
 C = Inter-level travel time spent in this place.
 D = Time resting spent in this place.
 E = Time spent auto-exploring this place.
 F = Levels seen in this place.
 G = Mean time per level.
                   A        B        C        D        E       F      G
               +--------+--------+--------+--------+--------+-----+--------+
         Total |   2281 |   2233 |     48 |      8 |   1841 |   4 |  570.2 |
       Dungeon |   2281 |   2233 |     48 |      8 |   1841 |   4 |  570.2 |
               +--------+--------+--------+--------+--------+-----+--------+

Top non-repeatable levels by time:
     D:2: 802 daAuts
     D:1: 642 daAuts
     D:3: 519 daAuts
     D:4: 317 daAuts
